 Dungeon Crawl Stone Soup version 0.28-a0-804-g60983d4ba9 (webtiles) character file.

Game seed: 13325506700141179374

9 cheechan the Ducker (level 2, -9/14 HPs)
             Began as a Felid Chaos Knight on Nov 8, 2021.
             Was a Plaything of Xom.
             Mangled by an ice devil (16 damage)
             ... summoned by Xom
             ... on level 1 of the Dungeon.
             The game lasted 00:01:51 (478 turns).

cheechan the Ducker (Felid Chaos Knight)             Turns: 478, Time: 00:01:53

Health: -9/14      AC:  1    Str:  8    XL:     2   Next: 3%
Magic:  3/3        EV: 22    Int: 13    God:    Xom [.....*]
Gold:   27         SH:  0    Dex: 15    Spells: 1/1 levels left
                                        Lives:  0   Deaths: 0

rFire   . . .      SeeInvis +     - Unarmed
rCold   . . .      Faith    .   (shield unavailable)
rNeg    . . .      Spirit   .   (armour unavailable)
rPois   .          Reflect  .   (helmet unavailable)
rElec   .          Harm     .   (cloak unavailable)
rCorr   .          Rampage  .   (gloves unavailable)
Will    .....                   (boots unavailable)
Stlth   +.........              (no amulet)
HPRegen 0.04/turn               a - +4 ring of evasion
MPRegen 0.08/turn               (no ring)

@: quick
A: very small, claws 1, fangs 3, see invisible, speed 1, shaggy fur 1, stealthy
paws, no weapons or thrown items, no armour, multi-lived
a: Renounce Religion


You were on level 1 of the Dungeon.
You worshipped Xom.
You were Xom's teddy bear.
You visited 1 branch of the dungeon, and saw 1 of its levels.

You collected 27 gold pieces.

Inventory:

Jewellery
 a - a +4 ring of evasion (left paw)
Potions
 b - a potion of magic {unknown}
 d - 2 potions of attraction


   Skills:
 + Level 3.2 Fighting
 + Level 3.4 Dodging
 + Level 3.2 Unarmed Combat


You had one spell level left.
You didn't know any spells.
Your spell library was empty.

Dungeon Overview and Level Annotations

Branches:
Dungeon (1/15)

Altars:

Shops:
D:1 !


Innate Abilities, Weirdness & Mutations

You have sharp claws.
You have razor-sharp teeth.
You have supernaturally acute eyesight. (SInv)
You cover ground quickly. (Speed+)
You are covered in fur. (AC +1)
Your paws help you pounce on unaware monsters.
You are incapable of wielding weapons or throwing items.
You cannot wear armour.
You gain extra lives every three experience levels.


Message History

You are now Xom's teddy bear.
There is a stone staircase leading down here.
Found 15 gold pieces.
You now have 27 gold pieces (gained 15).
You open the large door.
There is a large open door here.
There is a large open door here.
There is a staircase leading out of the dungeon here.
There is a large open door here.
There is a large open door here.
An endoplasm comes into view.
The endoplasm quivers.
The endoplasm barely misses you. The endoplasm misses you.
You scratch the endoplasm.
The endoplasm is heavily wounded.
The endoplasm closely misses you.
You scratch the endoplasm.
You kill the endoplasm!
You have reached level 2!
You hear Xom's maniacal laughter.
You claw the quasit!
The quasit is heavily wounded.
The quasit closely misses you.
The quasit claws you but does no damage.
The quasit barely misses you.
You closely miss the quasit.
The quasit is heavily wounded.
Okay, then.
You scratch the ice devil.
You claw the ice devil, but do no damage.
Your bite misses the ice devil.
The ice devil is lightly wounded.
You barely miss the ice devil.
The ice devil is lightly wounded.
The ice devil hits you!
Ouch! That really hurt!
The ice devil freezes you!
Ouch! That really hurt!
You die...

....#............#
....#............#
....#............#
....#...#......# .......
#......#
.....####......#
...............#
...............#########
..............54@.......
###......###############
###.............#
.##.............#
.##.............#
................#
.....#..........#
..∩..#..........#
.....#.......####


You could see an ice devil (summoned) and a quasit (summoned).

Vanquished Creatures
  An endoplasm (D:1)
  A giant cockroach (D:1)
  A hobgoblin (D:1)
  2 kobolds (D:1)
  2 ball pythons (D:1)
  A frilled lizard (D:1)
  A rat (D:1)
9 creatures vanquished.

Notes
Turn   | Place    | Note
-------+----------+-------------------------------------------
     0 | D:1      | cheechan the Felid Chaos Knight began the quest for the
                  | Orb.
     0 | D:1      | Reached XP level 1. HP: 10/10 MP: 2/2
    42 | D:1      | XOM: silly message
    49 | D:1      | Found Igral's Distillery.
   154 | D:1      | XOM: silly message
   321 | D:1      | Found a faded altar of an unknown god.
   447 | D:1      | Reached XP level 2. HP: 14/14 MP: 3/3
   472 | D:1      | XOM: summons 2 hostile demons
   473 | D:1      | Noticed an ice devil
   478 | D:1      | Mangled by an ice devil

Illustrated notes

Levels and vault maps discovered:
D:1:      saegor_arrival_miasma, layout_basic, basic_ecumenical_altar,
          serial_shops, shop, minmay_misc_feat_four_crosses

Action                   || total
-------------------------++-------
Melee: Unarmed           ||    26
       Bite              ||     1
       Punch             ||     1
  Use: Scroll            ||     4
Armor: Skin              ||     3
Dodge: Dodged            ||    25

Table legend: (Time is in decaauts)
 A = Elapsed time spent in this place.
 B = Non-inter-level travel time spent in this place.
 C = Inter-level travel time spent in this place.
 D = Time resting spent in this place.
 E = Time spent auto-exploring this place.
 F = Levels seen in this place.
 G = Mean time per level.
                   A        B        C        D        E       F      G
               +--------+--------+--------+--------+--------+-----+--------+
         Total |    390 |    390 |      0 |      0 |      0 |   1 |  390.0 |
       Dungeon |    390 |    390 |      0 |      0 |      0 |   1 |  390.0 |
               +--------+--------+--------+--------+--------+-----+--------+

Top non-repeatable levels by time:
     D:1: 390 daAuts
